 Dungeon Crawl Stone Soup version 0.29-a0-384-g6960b1960d (webtiles) character file.

Game seed: 6284520628319339475

130 siradein the Grave Robber (level 4, -9/30 HPs)
             Began as a Mummy Necromancer on May 6, 2022.
             Killed from afar by a steam dragon (21 damage)
             ... with a ball of steam
             ... on level 3 of the Dungeon.
             The game lasted 00:05:36 (2966 turns).

siradein the Grave Robber (Mummy Necromancer)       Turns: 2966, Time: 00:05:37

Health: -9/30      AC:  2    Str: 11    XL:     4   Next: 89%
Magic:  0/10       EV: 12    Int: 16    God:
Gold:   184        SH:  0    Dex: 12    Spells: 8/12 levels left

rFire   x . .      SeeInvis .   b - +0 spear
rCold   + . .      Faith    .   (no shield)
rNeg    + + +      Spirit   .   a - +0 robe
rPois   ∞          Reflect  .   (no helmet)
rElec   .          Harm     .   (no cloak)
rCorr   .          Rampage  .   (no gloves)
Will    .....                   (no boots)
Stlth   ++........              (no amulet)
HPRegen 0.10/turn               (no ring)
MPRegen 0.12/turn               (no ring)

@: very slightly contaminated
A: cold resistance 1, negative energy resistance 3, torment resistance 2, heat
vulnerability 1, in touch with death 1, no potions
a: no special abilities


You were on level 3 of the Dungeon.
You visited 1 branch of the dungeon, and saw 4 of its levels.

You collected 184 gold pieces.

Inventory:

Hand Weapons
 b - a +0 spear (weapon)
Armour
 a - a +0 robe (worn)
Wands
 j - a wand of flame (26)
Scrolls
 c - a scroll of enchant armour {unknown}
 d - a scroll of fear {unknown}
 e - a scroll of teleportation {unknown}
 f - a scroll of immolation
 g - a scroll of enchant weapon {unknown}
 h - a scroll of identify {unknown}
 i - a scroll of brand weapon {unknown}


   Skills:
 - Level 1.5 Dodging
 - Level 1.5 Stealth
 + Level 4.8 Spellcasting
 + Level 5.2 Necromancy


You had 8 spell levels left.
You knew the following spells:

 Your Spells              Type           Power      Damage    Failure   Level
a - Pain                  Necr           100%       1d9       1%          1
b - Vampiric Draining     Necr           31%        2d8       5%          3

Your spell library contained the following spells:

 Spells                   Type           Power      Damage    Failure   Level
 Animate Skeleton         Necr           62%        N/A       1%          1
 Animate Dead             Necr           15%        N/A       19%         4
 Static Discharge         Conj/Air       3%         N/A       24%         2
 Agony                    Necr           31%        N/A       45%         5
 Excruciating Wounds      Necr           15%        N/A       45%         5
 Animate Armour           Summ/Erth      6%         N/A       83%         4
 Lightning Bolt           Conj/Air       1%         1d12      99%         5
 Iron Shot                Conj/Erth      1%         9d1       100%        6
 Maxwell's Capacitive Co  Air            1%         ∞         100%        8
 Blade Hands              Tmut           Unusable   N/A       N/A         5

Dungeon Overview and Level Annotations

Branches:
Dungeon (4/15)
 Temple: D:4-7

Altars:
Ashenzari

Annotations:
D:4 Edmund


Innate Abilities, Weirdness & Mutations

You are immune to poison.
Your flesh is cold resistant. (rC+)
You are immune to negative energy. (rN+++)
You are immune to unholy pain and torment.
You are vulnerable to heat. (rF-)
You are in touch with the powers of death.
You do not drink.


Message History

You feel a surge of power!
The steam dragon barely resists.
The steam dragon bites you. The steam dragon barely misses you.
Casting: Pain (safe; 1% risk of failure)
Confirm with . or Enter, or press ? or * to list all spells.
Aiming: Vampiric Draining (dangerous; 5% risk of failure)
Press: ? - help, Shift-Dir - straight line, f/p - steam dragon
Aim: a steam dragon You feel a surge of power!
You miscast Vampiric Draining.
You are very lightly contaminated with residual magic.
Nothing appears to happen.
The steam dragon bites you. The steam dragon barely misses you.
Casting: Vampiric Draining (dangerous; 5% risk of failure)
Confirm with . or Enter, or press ? or * to list all spells.
Aiming: Vampiric Draining (dangerous; 5% risk of failure)
Press: ? - help, Shift-Dir - straight line, f/p - steam dragon
Aim: a steam dragon You feel a surge of power!
You draw life force from the steam dragon!
You feel life coursing into your body. The steam dragon bites you!
The steam dragon misses you.
Casting: Vampiric Draining (dangerous; 5% risk of failure)
Confirm with . or Enter, or press ? or * to list all spells.
Aiming: Vampiric Draining (dangerous; 5% risk of failure)
Press: ? - help, Shift-Dir - straight line, f/p - steam dragon
Aim: a steam dragon (moderately wounded)
You feel a surge of power!
You draw life force from the steam dragon!
You feel life coursing into your body. The steam dragon barely misses you.
The steam dragon claws you.
Casting: Vampiric Draining (dangerous; 5% risk of failure)
Confirm with . or Enter, or press ? or * to list all spells.
You don't have enough magic to cast this spell.
Unknown command.
Unknown command.
You hit the steam dragon.
The steam dragon is severely wounded.
The steam dragon breathes steam at you. The ball of steam hits you!!
The steam scalds you terribly!
Ouch! That really hurt!
You die...

# #.#........##.###..#.#.#.#.# #
#.#.......8##.#........#.#.#
###.#..##...8##............).####
.##.#....................).......
.##.##.#..#.##...................
.##.##.#.........................
..†.......#.##.....#.#...#.#..8..
.#####......###..D#.###..........
.# ###.#...###@##.# #.P..#.....
.# #.#.#.....##.# #..P.##.... .#
#.#....#####.###....###.#. .#
##§..##.## #......#.## #... .#
#§§..##§§###..###...# #.#. .#
##§§P§##§§§....###.### #.#.
.#####§§§§§##.§.P#......# #.#.
.....§§P.P.##......###### #.#.
#############.....## #.##


You could see a steam dragon (catching breath).

Vanquished Creatures
  A hound skeleton (D:3)
  5 adders
  An adder skeleton (D:3)
  3 adder zombies (D:3)
  2 dart slugs (D:2)
  3 orcs (D:3)
  7 ball pythons
  6 bats
  4 endoplasms
  2 giant cockroaches (D:2)
  A goblin (D:1)
  5 hobgoblins
  4 jackals (D:3)
  A quokka (D:2)
  7 kobolds
  A quokka skeleton (D:3)
  A rat (D:3)
54 creatures vanquished.

Vanquished Creatures (others)
  7 withered plants (D:3)
7 creatures vanquished.

Grand Total: 61 creatures vanquished

Notes
Turn   | Place    | Note
-------+----------+-------------------------------------------
     0 | D:1      | siradein the Mummy Necromancer began the quest for the Orb.
     0 | D:1      | Reached XP level 1. HP: 13/13 MP: 4/4
   477 | D:1      | Found a faded altar of an unknown god.
   481 | D:1      | Reached XP level 2. HP: 19/19 MP: 1/6
  1070 | D:2      | Gained mutation: You are in touch with the powers of death.
                  | [Mummy growth]
  1070 | D:2      | Reached XP level 3. HP: 22/24 MP: 2/8
  1074 | D:2      | Learned a level 3 spell: Vampiric Draining
  1624 | D:3      | Reached XP level 4. HP: 30/30 MP: 8/10
  1879 | D:3      | Reached skill level 5 in Necromancy
  2216 | D:3      | Found a broken altar of Ashenzari.
  2913 | D:4      | Noticed Edmund
  2959 | D:4      | Noticed a steam dragon
  2966 | D:3      | Killed from afar by a steam dragon

Illustrated notes

Levels and vault maps discovered:
D:1:      mainiacjoe_arrival_reflecting_pool, layout_basic,
          hellmonk_ecumenical_altar_blasted, chequers_serial_rivers_marsh
D:2:      layout_basic, minmay_misc_feat_pillars, st_stairs_2,
          hangedman_abyss_or_decor_lesser_grid, kennysheep_crisscross,
          dk_vineyard_1, kennysheep_decorative_pillar, kennysheep_pointless_box,
          lightli_corner_chamber
D:3:      layout_loops_ring, overflow_temple_1_default, serial_undead,
          serial_undead_b, serial_undead_e, serial_undead_b, serial_undead_d,
          serial_undead_e, serial_undead_c, serial_undead_f, serial_undead_b
D:4:      layout_rooms, marbit_many_paths, grunt_ministairs_3,
          chequers_serial_rivers_micro_a, uniq_edmund, uniq_natasha

Skill      XL: |  1  2  3  4 |
---------------+-------------+-----
Spellcasting   | 3 4 |  4.8
Necromancy     | 5 |  5.2
Dodging        | |  1.5
Stealth        | |  1.5

Action                   |  1- 3 |  4- 6 || total
-------------------------+-------+-------++-------
Melee: Spear             |       |    66 ||    66
 Cast: Pain              |    57 |    30 ||    87
       Vampiric Draining |       |     2 ||     2
Armor: Robe              |     2 |    11 ||    13
Dodge: Dodged            |     8 |    37 ||    45

Table legend: (Time is in decaauts)
 A = Elapsed time spent in this place.
 B = Non-inter-level travel time spent in this place.
 C = Inter-level travel time spent in this place.
 D = Time resting spent in this place.
 E = Time spent auto-exploring this place.
 F = Levels seen in this place.
 G = Mean time per level.
                   A        B        C        D        E       F      G
               +--------+--------+--------+--------+--------+-----+--------+
         Total |   2977 |   2857 |    120 |      8 |   2484 |   4 |  744.2 |
       Dungeon |   2977 |   2857 |    120 |      8 |   2484 |   4 |  744.2 |
               +--------+--------+--------+--------+--------+-----+--------+

Top non-repeatable levels by time:
     D:3: 1342 daAuts
     D:1: 835 daAuts
     D:2: 789 daAuts
     D:4: 9 daAuts
